 Dungeon Crawl Stone Soup version 0.20-a0-1089-g3fde505 (webtiles) character file.

43 Klosterheim the Slasher (level 3, -2/30 HPs)
             Began as a Demigod Skald on May 3, 2017.
             Killed from afar by a white imp (7 damage)
             ... with a puff of frost
             ... summoned by Natasha
             ... on level 2 of the Dungeon.
             The game lasted 00:02:41 (2167 turns).

Klosterheim the Slasher (Demigod Skald)             Turns: 2167, Time: 00:02:42

Health: -2/30      AC: 11    Str: 14    XL:     3   Next: 20%
Magic:  8/8        EV:  4    Int: 19    God:
Gold:   116        SH:  0    Dex: 15    Spells: 4/5 levels left

rFire    . . .     SeeInvis .   n - +2 whip (elec)
rCold    . . .     Gourm    .   (no shield)
rNeg     . . .     Faith    .   r - +0 plate armour
rPois    .         Spirit   .   (no helmet)
rElec    .         Reflect  .   (no cloak)
rCorr    .         Harm     .   g - +0 pair of gloves
MR       .....                  (no boots)
Stlth    ..........             (no amulet)
Regen    0.1/turn               (no ring)
MPRegen  0.2/turn               (no ring)

@: slowed, very slow
A: high mp 1
a: no special abilities


You were on level 2 of the Dungeon.
You were not hungry.

You visited 1 branch of the dungeon, and saw 2 of its levels.

You collected 116 gold pieces.

Inventory:

Hand Weapons
 a - a +0 falchion
 n - a +2 whip of electrocution (weapon)
Armour
 b - a +0 leather armour
 g - a +0 pair of gloves (worn)
 r - a +0 plate armour (worn)
Jewellery
 e - a cursed -3 ring of dexterity {unknown}
Scrolls
 f - 4 scrolls of identify {unknown}
 i - a scroll of recharging {unknown}
 j - a scroll of noise {unknown}
 l - a scroll of teleportation {unknown}
 m - a scroll of blinking {unknown}
 o - 2 scrolls of remove curse {unknown}
 p - a scroll of fog {unknown}
Potions
 h - a potion of agility {unknown}
 k - a potion of ambrosia {unknown}
Books
 c - a book of Battle

   Spells                             Type                      Level
   a - Infusion                       Charms                       1
   b - Shroud of Golubria             Charms/Translocation         2
   c - Song of Slaying                Charms                       2
   d - Spectral Weapon                Hexes/Charms                 3
   e - Regeneration                   Charms/Necromancy            3
Comestibles
 d - 2 bread rations
 s - 2 royal jellies
 t - a meat ration
 u - 3 fruits


   Skills:
 + Level 2.3 Fighting
 * Level 3.1 Long Blades
 - Level 0.8 Armour
 - Level 1.7 Dodging
 - Level 1.7 Spellcasting
 - Level 2.6 Charms


You had 4 spell levels left.
You knew the following spells:

 Your Spells              Type           Power        Failure   Level  Hunger
a - Infusion              Chrm           ##..         100%        1    #......


Dungeon Overview and Level Annotations

Branches:
Dungeon (2/15)

Annotations:
D:2 Natasha


Innate Abilities, Weirdness & Mutations

You have an increased reservoir of magic. (+10% MP)


Message History

Your plate armour prevents you from hitting Natasha.
Natasha is heavily wounded.
Natasha claws you. The white imp completely misses you.
Natasha claws you but does no damage.
You hit Natasha.
Natasha is heavily wounded.
The white imp shouts, "Taste defeat, thou reeling-ripe toot-wallowing minnow reeky!"
The white imp gestures at you. The puff of frost hits you!
* * * LOW HITPOINT WARNING * * *
Natasha claws you but does no damage.
The white imp hits you but does no damage.
Natasha wildly gestures.
You feel disoriented. Natasha claws you but does no damage.
You hit Natasha but do no damage.
Natasha is heavily wounded.
The white imp gestures at you. The puff of frost hits you!
You die...

### ##.#######
###........>
#...........
#.##.#######
###### #.##.#
#....5######.##.#
#h@.........#
########.##.# ###
.# #.##.# ..#
#####.# #.##.#
..#####.. ..#
#.##.# .........
..# #.##.####
....# #.# #.#
#.......# ....#
#.###.# ##.#####.#
..###
#.#.#.#########..#
#.###


You could see Natasha and a white imp.

Vanquished Creatures
  A dart slug (D:1)
  3 leopard geckos
  A giant cockroach (D:2)
  4 goblins
  3 hobgoblins (D:1)
  3 jackals (D:1)
  7 kobolds (D:1)
  6 bats
  4 frilled lizards (D:1)
  3 rats (D:1)
35 creatures vanquished.

Vanquished Creatures (others)
  A plant (D:1)
1 creature vanquished.

Grand Total: 36 creatures vanquished

Notes
Turn   | Place    | Note
-------+----------+-------------------------------------------
     0 | D:1      | Klosterheim the Demigod Skald began the quest for the Orb.
     0 | D:1      | Reached XP level 1. HP: 17/17 MP: 5/5
   167 | D:1      | Reached skill level 2 in Long Blades
   473 | D:1      | Reached XP level 2. HP: 18/24 MP: 7/7
  1446 | D:1      | Reached XP level 3. HP: 16/29 MP: 8/8
  1706 | D:2      | Reached skill level 3 in Long Blades
  2158 | D:2      | Noticed Natasha
  2167 | D:2      | Killed from afar by a white imp

Vault maps used:
D:1:      nagdon_arrival_double_spiral, lexackson_kobold_supper
D:2:      minivault_14, uniq_natasha

Skill      XL: |  1  2  3 |
---------------+----------+-----
Long Blades    | 2 3 |  3.1
Fighting       | 2 |  2.3
Armour         | |  0.8
Dodging        | |  1.7
Spellcasting   | |  1.7
Charms         | |  2.6

Action                   || total
-------------------------++-------
Melee: Falchion          ||    80
       Whip              ||    56
  Eat: Chunk             ||     4
Armor: Leather armour    ||    37
       Plate armour      ||     9
Dodge: Dodged            ||    92
       Rpst.: Falchion   ||    17
